Map: 2000 Atmospheres LE

Players

milkicow

  • Race: Terran Terran
  • League: Grandmaster

GOStephano (Stephano) - Winner!

  • Race: Zerg Zerg
  • League: Master

Event: DreamHack SC2 Masters 2021 Summer

VOD

Have the link to the VOD?

Description

Time

  • Played on: May 27, 2021, 12:07 p.m.
  • Length: 7:19

All games in this series

Show
View Real Time Build Order
Export as new Build Order

milkicow Terran 

Build Orders: Reaper Expand 

Get SALT Encoding   

  12  0:00  SCV  
  13  0:12  SCV  
  14  0:17  Supply Depot  
  14  0:24  SCV  
  15  0:39  SCV  
  15  0:40  Barracks  
  16  0:43  Refinery  
  16  0:52  SCV  
  17  1:04  SCV  
  18  1:16  SCV  
  19  1:28  Orbital Command, Reaper  
  20  1:39  Command Center  
  20  1:48  Supply Depot  
  20  1:53  SCV  
  21  2:00  Marine  
  22  2:06  SCV  
  23  2:09  Factory  
  23  2:18  SCV  
  24  2:23  Barracks Reactor  
  24  2:30  SCV  
  25  2:42  SCV, Command Center  
  26  2:52  Orbital Command  
  26  2:54  SCV  
  26  2:57  Orbital Command  
  27  3:01  Barracks  
  27  3:06  SCV  
  27  3:07  Barracks Tech Lab  
  27  3:12  Refinery  
  29  3:20  SCV  
  29  3:23  Hellion x2  
  29  3:25  SCV  
  34  3:29  Stimpack  
  34  3:30  Marine  
  34  3:32  SCV  
  36  3:37  SCV  
  37  3:44  SCV  
  37  3:47  Starport  
  38  3:49  SCV, Marine  
  38  3:54  Marine  
  38  3:55  Factory Reactor, Marine  
  42  3:56  Refinery, SCV  
  42  4:01  Orbital Command, SCV  
  44  4:07  Marine  
  44  4:08  SCV  
  46  4:10  Refinery  
  46  4:12  Marine  
  46  4:13  SCV  
  46  4:17  Marine  
  48  4:20  SCV  
  48  4:22  Supply Depot  
  50  4:25  SCV, Marine  
  50  4:27  SCV  
  50  4:30  Marine  
  54  4:32  SCV  
  54  4:35  Medivac  
  54  4:37  Factory Reactor  
  54  4:38  SCV, Medivac  
  60  4:39  SCV  
  60  4:43  Marine  
  60  4:44  SCV, Marine  
  60  4:45  Supply Depot  
  64  4:50  SCV  
  64  4:51  SCV  
  66  4:55  Marine  
  66  4:56  SCV  
  68  5:01  Marine  
  68  5:02  Orbital Command, Armory, Factory  
  68  5:06  SCV  
  70  5:07  Marine  
  70  5:08  SCV  
  70  5:10  Supply Depot  
  72  5:14  Marine  
  72  5:18  SCV, Supply Depot  
  72  5:19  Marine  
  72  5:20  Hellion  
  77  5:31  SCV x3, Medivac x2  
  77  5:34  Supply Depot  
  84  5:37  Marine  
  84  5:39  Hellion, Marine  
  84  5:40  Supply Depot  
  84  5:41  Marine  
  89  5:43  SCV  
  89  5:44  Widow Mine  
  92  5:52  Factory Tech Lab  
  92  5:54  SCV  
  92  5:55  Supply Depot  
  92  5:56  SCV, Supply Depot  
  94  6:02  Marine x2  
  94  6:03  SCV, Hellion  
  99  6:06  SCV, Marine  
  100  6:15  Widow Mine x2  
  104  6:20  SCV x2, Marine  
  104  6:23  Engineering Bay x2  
  104  6:24  Supply Depot  
  104  6:25  SCV  
  108  6:29  Widow Mine  
  111  6:32  SCV  
  111  6:37  Widow Mine  
  111  6:38  Siege Tank  
  110  6:42  Marine  
  110  6:43  SCV x2  
  110  6:45  Supply Depot  
  116  6:54  SCV  
  116  6:58  Marine  
  116  6:59  Marine  
Show
View Real Time Build Order
Export as new Build Order

GOStephano Zerg - Winner!

Build Orders: Hatch First 

Get SALT Encoding   

  12  0:00  Drone  
  13  0:12  Overlord  
  13  0:17  Drone  
  14  0:30  Drone x2  
  16  0:47  Hatchery  
  15  0:50  Drone  
  15  0:53  Drone  
  15  0:56  Drone  
  18  1:07  Extractor  
  17  1:12  Spawning Pool  
  17  1:15  Drone  
  17  1:18  Drone  
  18  1:27  Drone  
  19  1:38  Drone  
  20  1:49  Drone  
  21  1:59  Queen x2  
  21  2:00  Zergling x4  
  27  2:10  Drone, Overlord  
  28  2:19  Hatchery  
  28  2:21  Drone  
  28  2:32  Drone x2  
  28  2:33  Drone  
  31  2:37  Queen  
  31  2:43  Overlord  
  33  2:46  Drone  
  33  2:49  Metabolic Boost  
  34  2:54  Drone x2  
  36  3:04  Drone x2  
  38  3:08  Drone x3  
  41  3:14  Queen  
  41  3:18  Drone  
  41  3:19  Overlord  
  44  3:29  Overlord  
  44  3:35  Queen x2  
  44  3:36  Drone  
  44  3:37  Drone  
  44  3:39  Drone  
  51  3:41  Drone  
  51  3:42  Drone x2  
  51  3:47  Drone x2  
  56  3:49  Drone x2  
  56  3:51  Overlord  
  58  3:58  Drone x3  
  61  4:04  Overlord  
  61  4:05  Drone x2  
  63  4:12  Extractor x2  
  63  4:14  Lair  
  61  4:19  Zergling x8  
  61  4:20  Drone x2  
  67  4:26  Drone x2, Evolution Chamber  
  67  4:28  Evolution Chamber  
  67  4:29  Drone x2  
  67  4:31  Drone  
  70  4:33  Roach Warren  
  70  4:34  Drone  
  70  4:36  Drone  
  70  4:38  Drone  
  72  4:40  Drone  
  72  4:43  Drone  
  74  4:47  Drone x3  
  74  4:48  Drone  
  74  4:49  Drone x2  
  80  4:55  Drone x2  
  80  4:57  Zerg Missile Weapons Level 1, Zerg Ground Armor Level 1  
  80  4:59  Extractor  
  81  5:01  Extractor x2  
  81  5:02  Spore Crawler  
  81  5:03  Spore Crawler  
  81  5:04  Spore Crawler  
  81  5:05  Drone x2  
  78  5:09  Overlord  
  78  5:11  Drone x2, Overlord  
  80  5:15  Overlord  
  80  5:18  Glial Reconstitution  
  80  5:19  Overlord  
  80  5:21  Overlord  
  80  5:28  Overlord  
  80  5:34  Roach x3  
  80  5:35  Roach x3  
  92  5:37  Roach  
  92  5:38  Roach  
  96  5:49  Roach x5  
  104  5:59  Roach  
  104  6:00  Roach x4  
  104  6:01  Overseer  
  114  6:10  Roach x3  
  114  6:11  Roach x2  
  120  6:12  Overlord  
  120  6:13  Overlord x2  
  120  6:21  Overlord x2  
  120  6:31  Roach  
  120  6:32  Roach x6  
  134  6:41  Ravager x3  
  134  6:42  Ravager, Roach x5  
  134  6:44  Overseer x2  
  148  6:49  Roach  
  146  7:05  Hatchery  
Tags
 
Add a new tag
Caveats
  • Supply blocks, unpowered buildings, or Contaminate may cause inaccurate times.
  • Supply counts are checked every 10 seconds.